 Dungeon Crawl Stone Soup version 0.26-a0-376-g13fbb91ece (webtiles) character file.

Game seed: 10479061251774025220

317799 Gargoyl the Envoy of Void (level 21, -7/168 HPs)
             Began as a Gnoll Abyssal Knight on July 18, 2020.
             Was a High Priest of Lugonu.
             Splashed by a deep elf sorcerer's acid (9 damage)
             ... on level 3 of the Elven Halls on July 20, 2020.
             The game lasted 01:21:28 (45334 turns).

Gargoyl the Envoy of Void (Gnoll Abyssal Knight)   Turns: 45334, Time: 01:21:29

Health: -7/168     AC: 36    Str: 31    XL:     21   Next: 80%
Magic:  39/39      EV: 16    Int: 15    God:    Lugonu [*****.]
Gold:   2055       SH: 17    Dex: 22    Spells: 48/48 levels left

rFire    + . .     SeeInvis .   a - +9 hand axe (elec)
rCold    + . .     Faith    .   T - +2 kite shield {reflect}
rNeg     . . .     Spirit   .   F - +1 gold dragon scales
rPois    +         Reflect  +   O - +1 helmet of Melancholy {Str+7}
rElec    .         Harm     .   S - +2 cloak of Iczuga {MR++}
rCorr    .                      q - +2 pair of gloves {Str+3}
MR       ++++.                  V - +2 pair of boots
Stlth    ..........             m - amulet of regeneration
HPRegen  0.78/turn              j - +4 ring of protection
MPRegen  0.26/turn              A - +6 ring of dexterity

@: lethally poisoned (-7 -> -7), corroded
A: distributed training, fangs 1, talons 1, slimy green scales 1, magic
resistance 1, weak 1, subdued magic 1, strong nose
}: 1/15 runes: gossamer
a: Depart the Abyss, Bend Space, Banish, Corrupt, Enter the Abyss, Renounce
Religion


You were on level 3 of the Elven Halls.
You worshipped Lugonu.
Lugonu was extremely pleased with you.
You visited 6 branches of the dungeon, and saw 35 of its levels.
You visited the Abyss 4 times.
You also visited: Ice Cave, Volcano and Desolation.

You collected 4374 gold pieces.
You spent 2319 gold pieces at shops.

Inventory:

Hand Weapons
 a - a +9 hand axe of electrocution (weapon)
 x - the +13 lance "Wyrmbane" {slay drac, rPois rF+ rC+ AC+3}
   (You took it off Maggie on level 6 of the Dungeon)

   It affects your AC (+3).
   It protects you from fire.
   It protects you from cold.
   It protects you from poison.
 U - the +10 long sword of the Egg {venom, Int+2}
   (You found it in an ice cave)

   It poisons the flesh of those it strikes.
   It affects your intelligence (+2).
Armour
 q - a +2 pair of gloves of strength (worn)
 v - a +2 cloak of poison resistance
 F - +1 gold dragon scales (worn)
 O - the +1 helmet of Melancholy (worn) {Str+7}
   (You bought it in a shop on level 12 of the Dungeon)

   It affects your strength (+7).
 S - the +2 cloak of Iczuga (worn) {MR++}
   (You bought it in a shop on level 12 of the Dungeon)

   It affects your resistance to hostile enchantments.
 T - a +2 kite shield of reflection (worn)
 V - a +2 pair of boots (worn)
 X - +3 fire dragon scales
Jewellery
 i - an uncursed ring of see invisible
 j - a +4 ring of protection (left hand)
 l - a cursed amulet of guardian spirit
 m - an amulet of regeneration (around neck)
 A - a +6 ring of dexterity (right hand)
 G - an uncursed ring of flight
 J - an uncursed ring of resist corrosion
 K - an uncursed ring of protection from fire
 W - an uncursed ring of protection from fire
Wands
 d - a wand of random effects (16)
 k - a wand of flame (22)
 B - a wand of digging (20)
Scrolls
 c - 4 scrolls of identify
 e - a scroll of enchant weapon
 w - 6 scrolls of teleportation
 z - 20 scrolls of remove curse
 D - a scroll of brand weapon
 N - a scroll of magic mapping
 Q - 3 scrolls of fog
Potions
 b - 2 potions of brilliance
 f - 20 potions of curing
 g - 7 potions of might
 h - 6 potions of stabbing
 p - 5 potions of ambrosia
 r - 6 potions of flight
 t - 5 potions of magic
 C - a potion of haste
 I - 3 potions of resistance
 L - 4 potions of berserk rage
 R - 2 potions of mutation
Miscellaneous
 M - a lightning rod (4/4)


   Skills:
 + Level 15.1 Fighting
 + Level 14.0 Short Blades
 + Level 14.0 Long Blades
 + Level 14.6 Axes
 + Level 14.0 Maces & Flails
 + Level 14.0 Polearms
 + Level 14.0 Staves
 + Level 14.0 Slings
 + Level 14.0 Bows
 + Level 14.0 Crossbows
 + Level 14.0 Throwing
 + Level 14.6 Armour
 + Level 14.2 Dodging
 + Level 14.0 Stealth
 + Level 14.0 Shields
 + Level 14.0 Unarmed Combat
 + Level 14.0 Spellcasting
 + Level 12.0 Conjurations
 + Level 12.0 Hexes
   Level 0.0 Charms
 + Level 12.0 Summonings
 + Level 12.0 Necromancy
 + Level 12.0 Translocations
 + Level 12.0 Transmutations
 + Level 12.0 Fire Magic
 + Level 12.0 Ice Magic
 + Level 12.0 Air Magic
 + Level 12.0 Earth Magic
 + Level 12.0 Poison Magic
 + Level 15.6 Invocations
 + Level 14.0 Evocations


You had 48 spell levels left.
You didn't know any spells.
Your spell library contained the following spells:

 Spells                   Type           Power        Failure   Level
 Foxfire                  Conj/Fire      ####         1%          1
 Freeze                   Ice            ####         1%          1
 Magic Dart               Conj           ####         1%          1
 Pain                     Necr           ####         1%          1
 Sandblast                Erth           #####.       1%          1
 Blink                    Tloc           N/A          1%          2
 Call Imp                 Summ           #####...     1%          2
 Passwall                 Tmut/Erth      #####...     1%          2
 Poisonous Vapours        Pois/Air       #####.       1%          2
 Slow                     Hex            #####...     1%          2
 Swiftness                Air            #####...     1%          2
 Conjure Flame            Conj/Fire      #####...     1%          3
 Frozen Ramparts          Ice            #####.       1%          3
 Gell's Gravitas          Tloc           #####.....   1%          3
 Inner Flame              Hex/Fire       #####...     1%          3
 Lesser Beckoning         Tloc           #####.....   1%          3
 Mephitic Cloud           Conj/Pois/Air  #####...     1%          3
 Ozocubu's Armour         Ice            #####...     1%          3
 Stone Arrow              Conj/Erth      #####.       1%          3
 Teleport Other           Tloc           #####...     1%          3
 Vampiric Draining        Necr           #####.....   1%          3
 Animate Dead             Necr           #####.....   6%          4
 Hailstorm                Conj/Ice       #####...     6%          4
 Passage of Golubria      Tloc           N/A          6%          4
 Petrify                  Tmut/Erth      #####...     6%          4
 Sticky Flame             Conj/Fire      #####...     6%          4
 Summon Ice Beast         Ice/Summ       #####...     6%          4
 Summon Lightning Spire   Summ/Air       #####...     6%          4
 Borgnjor's Vile Clutch   Necr/Erth      #####.....   19%         5
 Fireball                 Conj/Fire      #####.....   19%         5
 Lee's Rapid Deconstruct  Erth           #####.....   19%         5
 Summon Demon             Summ           #####.....   19%         5
 Summon Forest            Summ/Tloc      #####.....   19%         5
 Summon Mana Viper        Hex/Summ       #####...     19%         5
 Conjure Ball Lightning   Conj/Air       #####.....   73%         6
 Death Channel            Necr           #####.....   73%         6
 Freezing Cloud           Conj/Ice/Air   #####.....   73%         6
 Shadow Creatures         Summ           N/A          73%         6
 Simulacrum               Ice/Necr       #####.....   73%         6
 Summon Hydra             Summ           #####.....   99%         7
 Ignition                 Fire           #####.....   100%        8


Dungeon Overview and Level Annotations

Branches:
Dungeon (15/15)            Temple (0/1) D:7            Lair (6/6) D:10
 Shoals (0/4) Lair:3       Spider (4/4) Lair:2        Slime (0/5) Lair:5
    Orc (2/2) D:9             Elf (3/3) Orc:2        Vaults (5/5) D:14
  Crypt (0/3) Vaults:3     Depths (0/5) D:15          IceCv (visited)
Volcano (visited)         Desolation (visited)

Altars:
Cheibriados
Makhleb
Nemelex Xobeh
Okawaru
Trog
Vehumet
Wu Jian
Xom
Yredelemnul
Beogh

Shops:
D:8 :(*(   D:12 !=}[[   D:13 :   Orc:2 !?=*([   Vaults:1 !   Vaults:3 =

Portals:
Trove: Vaults:2 (give +5 fire dragon scales)

Annotations:
Elf:2 3 runed translucent doors
Elf:3 1 runed translucent door, dvd2's ghost, adept TrBe
Vaults:5 corrupted


Innate Abilities, Weirdness & Mutations

Your experience applies equally to all skills.
You have very sharp teeth.
Your uncanny sense of smell can sniff out nearby items.
You have sharp toenails.
You are partially covered in slimy green scales. (AC +2)
You are resistant to hostile enchantments. (MR+)
You are weak. (Str -2)
Your spells are a little easier to cast, but a little less powerful.


Message History

You feel sick.
The deep elf sorcerer howls an incantation.
You feel disoriented.
The deep elf sorcerer points at you and mumbles some strange words.
The bolt of acid misses you.
The deep elf sorcerer casts a spell at you.
The bolt of acid hits you!!
* * * LOW HITPOINT WARNING * * *
The acid corrodes you!
You are splashed with acid!
* * * LOW HITPOINT WARNING * * *
You feel sick.
The deep elf elementalist casts a spell at you.
Some walls begin to move on their own!
The deep elf elementalist points at you and mumbles some strange words.
Some walls begin to move on their own!
The deep elf sorcerer casts a spell at you.
The bolt of acid hits you!!
* * * LOW HITPOINT WARNING * * *
You are splashed with acid!
You die...

#..........# #.##########..##
###..........###.##...).......#
.....###..............######..#
##..## ##.######.####.# #..#
#..# #.# #.# #.# #..# #..# #.#
##E# ##'######''## #..# #.#
#E)###...........## #..# #.#
#...#.............# #### ###
####@################
##.).E...## #.........###
∆∆#.........)...#∆∆ ∆
#.............##∆∆
#...........ee..##∆)=## ∆
#.......###.......#∆∆[.## ∆
#......## ##^.....# ∆)..#
#.....# ##...e.# ...#


You could see a deep elf sorcerer (fast), a deep elf elementalist (fast, repels
missiles) and 3 earth elementals.

Vanquished Creatures
  2 deep elf blademasters (Elf:2)
  A tentacled starspawn (Abyss:1)
  Kirke (Lair:2)
  A tengu reaver (Vaults:4)
  A storm dragon (Vaults:4)
  Donald (Abyss:1)
  3 fire giants
  An imperial myrmidon (Desolation)
  2 frost giants
  9 emperor scorpions
  4 deep elf sorcerers
  An orc warlord (Orc:2)
  Aizul (Vaults:4)
  A deep elf elementalist (Elf:3)
  3 ghost moths
  4 vault wardens
  11 ironheart preservers
  The ghost of Noafilat the Severer, a journeyman MiFi of Makhleb (D:15)
  A stone giant (Vaults:2)
  A vampire knight (Vaults:3)
  10 entropy weavers
  A halazid warlock (Elf:1)
  Nessos (D:12)
  9 deep elf annihilators
  4 deep elf demonologists
  2 spark wasps (Spider:2)
  3 deep elf death magi
  5 fire dragons
  5 yaktaur captains
  4 servants of whispers (Desolation)
  A crystal guardian (Vaults:4)
  4 ice dragons
  3 deep elf high priests
  Josephine (Lair:5)
  6 ragged hierophants
  A great orb of eyes (Vaults:4)
  3 peacekeepers (Desolation)
  A rakshasa (Vaults:1)
  Harold (Lair:1)
  7 vault guards
  4 centaur warriors
  Erica (Lair:1)
  7 hydras
  3 ghost crabs (D:10)
  4 catoblepae
  An anaconda (shapeshifter) (Vaults:1)
  18 two-headed ogres
  A queen ant (Spider:4)
  26 dancing weapons
  7 ogre magi
  10 death yaks
  A hell hog (Volcano)
  2 death knights (Vaults:3)
  3 orc high priests
  Sonja (Lair:6)
  Nergalle (D:9)
  5 hell knights (Vaults:4)
  24 deep elf knights
  4 fire crabs (D:10)
  5 skeletal warriors (Vaults:2)
  4 shadow wraiths
  3 deep trolls
  3 unseen horrors
  4 wizards
  18 deep elf archers
  11 ironbrand convokers
  A glowing orange brain (Vaults:2)
  3 harpies (D:13)
  3 phantasmal warriors (Vaults:3)
  20 orc knights
  4 manticores
  27 wolf spiders
  5 orc sorcerers
  59 deep elf magi
  An oklob plant (Lair:4)
  4 necromancers (Vaults:4)
  15 orb spiders
  10 cyclopes
  A manticore (shapeshifter) (Vaults:4)
  12 ugly things
  2 moths of wrath
  2 guardian serpents (Desolation)
  An apocalypse crab (D:10)
  18 vault sentinels
  6 elephants
  5 black mambas
  A cane toad (shapeshifter) (Vaults:3)
  Joseph (Lair:1)
  A molten gargoyle (Desolation)
  13 cane toads
  Maggie (D:6)
  3 rime drakes
  2 kobold demonologists (D:15)
  2 efreet
  6 komodo dragons
  13 yaktaurs
  12 demonic crawlers
  3 freezing wraiths
  8 trolls
  A meliai (shapeshifter) (Vaults:1)
  16 polar bears
  A troll (shapeshifter) (Vaults:4)
  18 slime creatures
  29 jumping spiders
  44 saltlings
  Prince Ribbit (D:6)
  9 hornets
  A dream sheep (shapeshifter) (Vaults:1)
  9 blink frogs
  4 dream sheep (Lair:6)
  7 hippogriffs
  Sigmund (D:2)
  A vampire (D:15)
  92 redbacks
  4 air elementals
  2 wyverns
  A yak (shapeshifter) (D:10)
  74 yaks
  5 water elementals
  Eustachio (D:6)
  3 hogs (Lair:2)
  4 basilisks
  6 fire bats (Volcano)
  26 tarantellas
  4 fire elementals
  2 golden eyes (shapeshifter)
  6 wraiths
  3 small abominations (Abyss:1)
  2 steam dragons (Volcano)
  13 vampire mosquitoes
  A human simulacrum (Vaults:1)
  4 insubstantial wisps (Lair:6)
  4 acid dragons
  3 wargs
  Duvessa (D:5)
  A hell hound (Volcano)
  19 water moccasins
  4 soldier ants (Spider:4)
  8 porcupines
  2 swamp drakes
  3 eyes of draining
  3 black bears
  4 ice beasts
  A black bear (shapeshifter) (Vaults:1)
  38 orc warriors
  A phantom (D:12)
  3 sky beasts
  A necrophage (D:8)
  17 ogres
  16 wolves
  A boggart (Elf:1)
  11 centaurs
  13 crocodiles
  4 big kobolds
  16 bullfrogs
  A gnoll sergeant (D:7)
  3 earth elementals
  An ogre simulacrum (Vaults:1)
  Dowan (D:5)
  A wyvern skeleton (D:14)
  A hornet simulacrum (Vaults:1)
  A scorpion (D:9)
  15 killer bees
  2 electric eels
  17 wights
  A crimson imp (Orc:2)
  6 lava snakes (Volcano)
  4 centaur zombies
  2 bullfrog zombies
  5 hounds
  3 centaur skeletons
  6 orc priests
  An iron imp (Orc:2)
  3 jellies
  3 iguanas
  32 orc wizards
  4 hell rats (Lair:4)
  18 worker ants
  A hound zombie (D:5)
  A hound skeleton (D:5)
  14 gnolls
  15 adders
  A shadow imp (Orc:2)
  16 white imps
  4 ufetubi
  2 oozes
  2 adder skeletons
  An adder zombie (D:10)
  5 worms
  A dart slug (D:5)
  8 leopard geckos
  90 orcs
  2 giant cockroaches
  10 goblins
  8 hobgoblins
  3 jackals (D:4)
  16 kobolds
  4 quokkas
  3 ball pythons
  4 bats
  9 frilled lizards
  A leopard gecko skeleton (D:6)
  7 rats
  3 crawling corpses
  2 fungi (Orc:2)
  A plant (Lair:4)
  A starspawn tentacle (Abyss:1)
  A withered plant (D:13)
1494 creatures vanquished.

Vanquished Creatures (others)
  An ironheart preserver (Vaults:1)
  An entropy weaver (D:10)
  A small abomination (Vaults:3)
  A deep troll earth mage (Vaults:1)
  A deep elf knight (Vaults:3)
  A fire crab (D:10)
  An orb spider (Spider:1)
  5 oklob plants
  2 deep elf magi (Elf:1)
  2 polar bears (IceCv)
  3 redbacks
  A human (Spider:1)
  A water moccasin (Lair:6)
  A hell hound (Volcano)
  An orc warrior (Orc:2)
  An orc (D:15)
  12 fungi
  18 plants
  5 starspawn tentacles (Abyss:1)
59 creatures vanquished.

Grand Total: 1553 creatures vanquished

Notes
Turn   | Place    | Note
-------+----------+-------------------------------------------
     0 | Abyss:1  | Gargoyl the Gnoll Abyssal Knight began the quest for the
                  | Orb.
     0 | Abyss:1  | Reached XP level 1. HP: 23/23 MP: 3/3
    47 | Abyss:1  | Reached XP level 2. HP: 9/29 MP: 5/5
   102 | Abyss:1  | Noticed a wretched star
   103 | D:1      | Escaped the Abyss
   367 | D:1      | Reached * piety under Lugonu
   949 | D:1      | Reached XP level 3. HP: 35/35 MP: 6/6
  1432 | D:2      | Noticed Sigmund
  1498 | D:2      | Killed Sigmund
  1498 | D:2      | Reached skill level 1 in Short Blades
  1498 | D:2      | Reached skill level 1 in Long Blades
  1498 | D:2      | Reached skill level 1 in Maces & Flails
  1498 | D:2      | Reached skill level 1 in Polearms
  1498 | D:2      | Reached skill level 1 in Staves
  1498 | D:2      | Reached skill level 1 in Slings
  1498 | D:2      | Reached skill level 1 in Bows
  1498 | D:2      | Reached skill level 1 in Crossbows
  1498 | D:2      | Reached skill level 1 in Throwing
  1498 | D:2      | Reached skill level 1 in Stealth
  1498 | D:2      | Reached skill level 1 in Shields
  1498 | D:2      | Reached skill level 1 in Unarmed Combat
  1498 | D:2      | Reached skill level 1 in Spellcasting
  1498 | D:2      | Reached skill level 1 in Conjurations
  1498 | D:2      | Reached skill level 1 in Hexes
  1498 | D:2      | Reached skill level 1 in Summonings
  1498 | D:2      | Reached skill level 1 in Necromancy
  1498 | D:2      | Reached skill level 1 in Translocations
  1498 | D:2      | Reached skill level 1 in Transmutations
  1498 | D:2      | Reached skill level 1 in Fire Magic
  1498 | D:2      | Reached skill level 1 in Ice Magic
  1498 | D:2      | Reached skill level 1 in Air Magic
  1498 | D:2      | Reached skill level 1 in Earth Magic
  1498 | D:2      | Reached skill level 1 in Poison Magic
  1498 | D:2      | Reached skill level 1 in Evocations
  1498 | D:2      | Reached XP level 4. HP: 18/41 MP: 7/7
  1498 | D:2      | Reached XP level 5. HP: 20/47 MP: 8/8
  1501 | D:2      | Reached ** piety under Lugonu
  1999 | D:2      | Reached skill level 5 in Invocations
  1999 | D:2      | Reached XP level 6. HP: 53/53 MP: 9/9
  3017 | D:3      | Noticed an ice beast
  3033 | D:3      | Killed an ice beast
  3033 | D:3      | Reached skill level 5 in Axes
  3033 | D:3      | Reached skill level 5 in Armour
  3527 | D:4      | Found an ornate altar of the Wu Jian Council.
  3666 | D:4      | Reached XP level 7. HP: 47/59 MP: 10/10
  3698 | D:4      | Found a basalt altar of Yredelemnul.
  3805 | D:4      | Reached *** piety under Lugonu
  4558 | D:5      | Entered Level 5 of the Dungeon
  4737 | D:5      | Reached XP level 8. HP: 67/67 MP: 12/12
  5009 | D:5      | Noticed Dowan
  5013 | D:5      | Noticed Duvessa
  5030 | D:5      | Killed Duvessa
  5034 | D:5      | Killed Dowan
  5164 | D:5      | Reached **** piety under Lugonu
  5433 | D:6      | Gained mutation: You are partially covered in molten
                  | scales. (AC +2) [potion of mutation]
  5433 | D:6      | Gained mutation: Your mind is acute. (Int +2) [potion of
                  | mutation]
  5433 | D:6      | Gained mutation: You are covered in fur. (AC +1) [potion of
                  | mutation]
  5433 | D:6      | Gained mutation: You are surrounded by a mild repulsion
                  | field. (EV +2) [potion of mutation]
  5447 | D:6      | Noticed Eustachio
  5492 | D:6      | Killed Eustachio
  5507 | D:6      | Noticed Maggie
  5528 | D:6      | Killed Maggie
  5668 | D:6      | Reached XP level 9. HP: 58/72 MP: 14/14
  5934 | D:6      | Noticed Prince Ribbit
  5943 | D:6      | Killed Prince Ribbit
  5961 | D:6      | Found an iron altar of Okawaru.
  5963 | D:6      | Found a bloodstained altar of Trog.
  6126 | D:7      | Found the amulet of the Air {Inacc +Fly rElec EV+5 RMsl}
  6258 | D:7      | Found a staircase to the Ecumenical Temple.
  6300 | D:7      | Found a burning altar of Makhleb.
  6300 | D:7      | Noticed an Executioner
  6458 | D:7      | Found a sparkling altar of Nemelex Xobeh.
  6549 | D:7      | Reached skill level 5 in Dodging
  6581 | D:8      | Found Xitied's Antique Weapon Boutique.
  6589 | D:8      | Found Lippuh's General Store.
  6643 | D:8      | Bought the +1 chain mail of Poatueg {Str+2 Slay+2} for 465
                  | gold pieces
  6660 | D:8      | Found Piuwn's Antique Weapon Shoppe.
  6822 | D:8      | Found Deaz's Book Shoppe.
  6902 | D:8      | Found Yhiebee's Antique Weapon Shoppe.
  7064 | D:8      | Found a snail-covered altar of Cheibriados.
  7484 | D:9      | Reached XP level 10. HP: 77/80 MP: 15/17
  7752 | D:9      | Reached ***** piety under Lugonu
  7752 | D:9      | Reached skill level 5 in Short Blades
  7752 | D:9      | Reached skill level 5 in Long Blades
  7752 | D:9      | Reached skill level 5 in Maces & Flails
  7752 | D:9      | Reached skill level 5 in Polearms
  7752 | D:9      | Reached skill level 5 in Staves
  7752 | D:9      | Reached skill level 5 in Slings
  7752 | D:9      | Reached skill level 5 in Bows
  7752 | D:9      | Reached skill level 5 in Crossbows
  7752 | D:9      | Reached skill level 5 in Throwing
  7752 | D:9      | Reached skill level 5 in Stealth
  7752 | D:9      | Reached skill level 5 in Shields
  7752 | D:9      | Reached skill level 5 in Unarmed Combat
  7752 | D:9      | Reached skill level 5 in Spellcasting
  7752 | D:9      | Reached skill level 5 in Evocations
  7957 | D:9      | Found a staircase to the Orcish Mines.
  7991 | D:9      | Identified the Handbook of Earthen Darkness
  8165 | D:10     | Entered Level 10 of the Dungeon
  8185 | D:10     | Found a runed translucent door.
  8186 | D:10     | Noticed a fire crab
  8200 | D:10     | Killed a fire crab
  8207 | D:10     | Noticed a fire crab
  8220 | D:10     | Killed a fire crab
  8244 | D:10     | Noticed a fire crab
  8260 | D:10     | Killed a fire crab
  8314 | D:10     | Noticed a fire crab
  8314 | D:10     | Noticed an entropy weaver
  8319 | D:10     | Noticed a fire crab
  8327 | D:10     | Killed a fire crab
  8327 | D:10     | Reached XP level 11. HP: 69/87 MP: 19/19
  8343 | D:10     | Banished an entropy weaver
  8349 | D:10     | Banished a fire crab
  8349 | D:10     | Reached skill level 5 in Conjurations
  8349 | D:10     | Reached skill level 5 in Hexes
  8349 | D:10     | Reached skill level 5 in Summonings
  8349 | D:10     | Reached skill level 5 in Necromancy
  8349 | D:10     | Reached skill level 5 in Translocations
  8349 | D:10     | Reached skill level 5 in Transmutations
  8349 | D:10     | Reached skill level 5 in Fire Magic
  8349 | D:10     | Reached skill level 5 in Ice Magic
  8349 | D:10     | Reached skill level 5 in Air Magic
  8349 | D:10     | Reached skill level 5 in Earth Magic
  8349 | D:10     | Reached skill level 5 in Poison Magic
  8482 | D:10     | Noticed an entropy weaver
  8510 | D:10     | Banished an entropy weaver
  8623 | D:10     | Noticed a ghost crab
  8638 | D:10     | Killed a ghost crab
  8641 | D:10     | Noticed a ghost crab
  8657 | D:10     | Killed a ghost crab
  8840 | D:10     | Noticed a ghost crab
  8861 | D:10     | Killed a ghost crab
  9234 | D:10     | Noticed a two-headed ogre
  9244 | D:10     | Killed a two-headed ogre
  9327 | D:10     | Reached XP level 12. HP: 93/96 MP: 6/22
  9521 | D:10     | Found a staircase to the Lair.
  9892 | D:10     | Noticed a two-headed ogre
  9904 | D:10     | Killed a two-headed ogre
 11081 | Lair:1   | Entered Level 1 of the Lair of Beasts
 11439 | Lair:1   | Noticed Joseph
 11450 | Lair:1   | Killed Joseph
 11612 | Lair:1   | Noticed Harold
 11615 | Lair:1   | Noticed Erica
 11631 | Lair:1   | Killed Harold
 11631 | Lair:1   | Reached skill level 10 in Fighting
 11645 | Lair:1   | Killed Erica
 12282 | Lair:2   | Reached XP level 13. HP: 90/103 MP: 24/24
 12726 | Lair:2   | Found a hole to the Spider Nest.
 13097 | Lair:3   | Reached skill level 10 in Invocations
 13201 | Lair:3   | Found a staircase to the Shoals.
 14326 | Lair:4   | Found the cursed +13 scythe of Curses {drain, *Curse}
 15030 | Lair:5   | Noticed Josephine
 15105 | Lair:5   | Killed Josephine
 15148 | Lair:5   | Found a staircase to the Slime Pits.
 15275 | Lair:5   | Reached XP level 14. HP: 111/111 MP: 26/26
 15327 | Lair:5   | Found a dark tunnel.
 15334 | Volcano  | Entered a volcano
 15560 | Volcano  | Found a radiant altar of Vehumet.
 15583 | Volcano  | Found a bloodstained altar of Trog.
 15740 | Lair:5   | Reached skill level 10 in Axes
 15740 | Lair:5   | Reached skill level 10 in Armour
 16386 | Lair:6   | Entered Level 6 of the Lair of Beasts
 17062 | Lair:6   | Noticed Sonja
 17092 | Lair:6   | Killed Sonja
 17411 | Lair:6   | Reached ****** piety under Lugonu
 17918 | Lair:6   | Reached XP level 15. HP: 119/119 MP: 28/28
 18455 | D:12     | Found Gowkaang's Gadget Shoppe.
 18464 | D:12     | Identified a scroll of acquirement
 18464 | D:12     | Acquired 250 gold pieces
 18487 | D:12     | Reached skill level 10 in Dodging
 18793 | D:12     | Found Byplan's Distillery.
 18854 | D:12     | Bought a potion of heal wounds for 70 gold pieces
 18854 | D:12     | Bought a potion of curing for 42 gold pieces
 18860 | D:12     | Noticed Nessos
 18882 | D:12     | Killed Nessos
 18919 | D:12     | Found Ysun's Jewellery Shoppe.
 19470 | D:12     | Found Qacarh Gihu's Antique Armour Shop.
 19472 | D:12     | Found Veegioru's Armour Emporium.
 19499 | D:12     | Bought a shimmering helmet for 218 gold pieces
 19503 | D:12     | Bought the +2 cloak of Iczuga {MR++} for 418 gold pieces
 19514 | D:12     | Identified the +1 helmet of Melancholy {Str+7} (You bought
                  | it in a shop on level 12 of the Dungeon)
 19652 | D:13     | Found Loxot's Book Boutique.
 20565 | D:14     | Found a gate to the Vaults.
 20588 | D:14     | Reached skill level 10 in Short Blades
 20588 | D:14     | Reached skill level 10 in Long Blades
 20588 | D:14     | Reached skill level 10 in Maces & Flails
 20588 | D:14     | Reached skill level 10 in Polearms
 20588 | D:14     | Reached skill level 10 in Staves
 20588 | D:14     | Reached skill level 10 in Slings
 20588 | D:14     | Reached skill level 10 in Bows
 20588 | D:14     | Reached skill level 10 in Crossbows
 20588 | D:14     | Reached skill level 10 in Throwing
 20588 | D:14     | Reached skill level 10 in Stealth
 20588 | D:14     | Reached skill level 10 in Shields
 20588 | D:14     | Reached skill level 10 in Unarmed Combat
 20588 | D:14     | Reached skill level 10 in Spellcasting
 20588 | D:14     | Reached skill level 10 in Evocations
 21508 | D:15     | Entered Level 15 of the Dungeon
 21975 | D:15     | Found a staircase to the Depths.
 21975 | D:15     | Noticed a frost giant
 21989 | D:15     | Killed a frost giant
 22301 | D:15     | Found a large runed translucent door.
 22301 | D:15     | Found a large runed translucent door.
 22301 | D:15     | Noticed Noafilat's ghost (journeyman MiFi)
 22336 | D:15     | Killed Noafilat's ghost
 22622 | Orc:1    | Entered Level 1 of the Orcish Mines
 22622 | Orc:1    | Noticed Nergalle
 22651 | D:9      | Killed Nergalle
 22828 | Orc:2    | Entered Level 2 of the Orcish Mines
 22829 | Orc:2    | Found a staircase to the Elven Halls.
 22842 | Orc:2    | Noticed an orc warlord
 22981 | Orc:1    | Found a frozen archway.
 22985 | Orc:1    | Reached XP level 16. HP: 127/127 MP: 30/30
 22996 | IceCv    | Entered an ice cave
 23402 | IceCv    | Got a brightly glowing long sword
 23428 | Orc:1    | Identified the +10 long sword of the Egg {venom, Int+2}
                  | (You found it in an ice cave)
 23657 | Orc:2    | Found Ypaerphy's Jewellery Shop.
 23818 | Orc:2    | Found Jiurgh's Antique Armour Emporium.
 23830 | Orc:2    | Found Datikyvi's General Store.
 23838 | Orc:2    | Bought a potion of heal wounds for 75 gold pieces
 23839 | Orc:2    | Found Moicesit's Magic Scroll Shoppe.
 23849 | Orc:2    | Found Kuraorghaopt's Distillery.
 23851 | Orc:2    | Bought a scroll of teleportation for 39 gold pieces
 23851 | Orc:2    | Bought a scroll of enchant weapon for 97 gold pieces
 23858 | Orc:2    | Bought a potion of curing for 45 gold pieces
 23858 | Orc:2    | Bought a potion of curing for 45 gold pieces
 23858 | Orc:2    | Bought 2 potions of might for 120 gold pieces
 23858 | Orc:2    | Bought a potion of magic for 120 gold pieces
 23858 | Orc:2    | Bought a potion of berserk rage for 75 gold pieces
 23858 | Orc:2    | Bought a potion of resistance for 150 gold pieces
 23858 | Orc:2    | Bought a potion of stabbing for 60 gold pieces
 23894 | Orc:2    | Found Woakir's Antique Weapon Shop.
 24345 | Orc:1    | Found a roughly hewn altar of Beogh.
 24474 | D:9      | Upgraded the game from 0.26-a0-362-g1d9a9cd4fa to
                  | 0.26-a0-376-g13fbb91ece
 24679 | Orc:1    | Lost mutation: Your mind is acute. (Int +2) [potion of
                  | mutation]
 24679 | Orc:1    | Lost mutation: You are partially covered in molten scales.
                  | (AC +2) [potion of mutation]
 24679 | Orc:1    | Gained mutation: You have a somewhat thin skeletal
                  | structure. (Dex +2, Stealth) [potion of mutation]
 24679 | Orc:1    | Gained mutation: You have sharp fingernails. [potion of
                  | mutation]
 24679 | Orc:1    | Gained mutation: You have sharp toenails. [potion of
                  | mutation]
 24680 | Orc:1    | Lost mutation: You are surrounded by a mild repulsion
                  | field. (EV +2) [potion of mutation]
 24680 | Orc:1    | Lost mutation: You have sharp fingernails. [potion of
                  | mutation]
 24680 | Orc:1    | Lost mutation: You have a somewhat thin skeletal structure.
                  | (Dex +2, Stealth) [potion of mutation]
 24680 | Orc:1    | Gained mutation: You are partially covered in rugged brown
                  | scales. (AC +1, +3% HP) [potion of mutation]
 24680 | Orc:1    | Gained mutation: You are weak. (Str -2) [potion of
                  | mutation]
 24680 | Orc:1    | Gained mutation: You are partially covered in iridescent
                  | scales. (AC +2) [potion of mutation]
 24681 | Orc:1    | Lost mutation: You are partially covered in rugged brown
                  | scales. (AC +1, +3% HP) [potion of mutation]
 24681 | Orc:1    | Lost mutation: You are covered in fur. (AC +1) [potion of
                  | mutation]
 24681 | Orc:1    | Lost mutation: You are partially covered in iridescent
                  | scales. (AC +2) [potion of mutation]
 24681 | Orc:1    | Gained mutation: Your spells are a little easier to cast,
                  | but a little less powerful. [potion of mutation]
 24681 | Orc:1    | Gained mutation: You are resistant to hostile enchantments.
                  | (MR+) [potion of mutation]
 24681 | Orc:1    | Gained mutation: You are partially covered in slimy green
                  | scales. (AC +2) [potion of mutation]
 24810 | Spider:1 | Entered Level 1 of the Spider Nest
 24810 | Spider:1 | Noticed Kirke
 24813 | Spider:1 | Noticed a sphinx
 24928 | Spider:1 | Noticed Donald
 25033 | Lair:2   | Killed Kirke
 25160 | Lair:2   | Banished Donald
 26575 | Spider:1 | Reached XP level 17. HP: 135/135 MP: 32/32
 28826 | Spider:3 | Found the +4 moon troll leather armour {Spirit, Regen++
                  | MP+5}
 28952 | Spider:3 | Got a smoking scale mail
 28953 | Spider:3 | Identified the +5 scale mail of Words of Power {+Inv rElec
                  | Dex-4} (You found it on level 3 of the Spider Nest)
 29505 | Spider:4 | Entered Level 4 of the Spider Nest
 31198 | Spider:4 | Reached skill level 10 in Conjurations
 31198 | Spider:4 | Reached skill level 10 in Hexes
 31198 | Spider:4 | Reached skill level 10 in Summonings
 31198 | Spider:4 | Reached skill level 10 in Necromancy
 31198 | Spider:4 | Reached skill level 10 in Translocations
 31198 | Spider:4 | Reached skill level 10 in Transmutations
 31198 | Spider:4 | Reached skill level 10 in Fire Magic
 31198 | Spider:4 | Reached skill level 10 in Ice Magic
 31198 | Spider:4 | Reached skill level 10 in Air Magic
 31198 | Spider:4 | Reached skill level 10 in Earth Magic
 31198 | Spider:4 | Reached skill level 10 in Poison Magic
 31237 | Spider:4 | Reached XP level 18. HP: 83/143 MP: 0/33
 31423 | Spider:4 | Got a gossamer rune of Zot
 32205 | Vaults:1 | Entered Level 1 of the Vaults
 32270 | Vaults:1 | Found Rotoepn's Distillery.
 32313 | Vaults:1 | Bought a potion of curing for 42 gold pieces
 32313 | Vaults:1 | Bought a potion of curing for 42 gold pieces
 32313 | Vaults:1 | Bought a potion of curing for 42 gold pieces
 32313 | Vaults:1 | Bought a potion of heal wounds for 70 gold pieces
 32313 | Vaults:1 | Bought a potion of curing for 42 gold pieces
 32313 | Vaults:1 | Bought a potion of curing for 42 gold pieces
 33687 | Vaults:1 | Escaped the Abyss
 34393 | Vaults:2 | Found a portal to a secret trove of treasure.
 34591 | Vaults:2 | Reached XP level 19. HP: 141/151 MP: 35/35
 37320 | Vaults:3 | Found Hiar's Jewellery Boutique.
 37529 | Vaults:3 | Found a staircase to the Crypt.
 37675 | Vaults:4 | Noticed Aizul
 37693 | Vaults:4 | Killed Aizul
 37734 | Vaults:4 | Reached XP level 20. HP: 127/159 MP: 36/36
 39266 | Vaults:5 | Entered Level 5 of the Vaults
 39267 | Vaults:5 | Corrupted Vaults:5
 39268 | Vaults:5 | Noticed a golden dragon
 39591 | Elf:1    | Entered Level 1 of the Elven Halls
 39713 | Elf:1    | Found a ruined gateway.
 39733 | Desolati | Entered the Desolation of Salt
 40119 | Desolati | Identified the Reference Book on Burning Weightlessness
 40293 | Desolati | Reached skill level 15 in Invocations
 40758 | Abyss:1  | Paralysed by you for 5 turns
 40775 | Abyss:1  | Found a corrupted altar of Lugonu.
 40804 | Abyss:1  | Found a corrupted altar of Lugonu.
 40902 | Abyss:1  | Killed Donald
 40954 | Desolati | Escaped the Abyss
 41596 | Elf:1    | Reached XP level 21. HP: 148/166 MP: 38/38
 41658 | Elf:1    | You fall into a shaft and drop 1 floor!
 41668 | Elf:2    | Found a runed translucent gate.
 41668 | Elf:2    | Found a runed translucent gate.
 41668 | Elf:2    | Found a runed translucent gate.
 41688 | Elf:2    | Found a huge runed gate.
 41689 | Elf:2    | Found a huge runed gate.
 41692 | Elf:2    | Found a huge runed gate.
 41692 | Elf:2    | Found a huge runed gate.
 41695 | Elf:2    | Found a huge runed gate.
 41695 | Elf:2    | Found a huge runed gate.
 41834 | Elf:1    | Got a twisted kite shield
 41835 | Elf:1    | Identified the +3 kite shield of the Unbroken {Slay+3} (You
                  | found it on level 1 of the Elven Halls)
 42370 | Elf:2    | Found a huge runed gate.
 42373 | Elf:2    | Found a huge runed gate.
 42376 | Elf:2    | Found a huge runed gate.
 42376 | Elf:2    | Found a huge runed gate.
 42377 | Elf:2    | Found a huge runed gate.
 42377 | Elf:2    | Found a huge runed gate.
 42377 | Elf:2    | Found a huge runed gate.
 42383 | Elf:2    | Found a huge runed gate.
 42383 | Elf:2    | Found a huge runed gate.
 42393 | Elf:2    | Found a huge runed gate.
 42394 | Elf:2    | Found a huge runed gate.
 42395 | Elf:2    | Found a huge runed gate.
 42395 | Elf:2    | Found a huge runed gate.
 42395 | Elf:2    | Found a huge runed gate.
 42395 | Elf:2    | Found a huge runed gate.
 42425 | Elf:2    | Found a radiant altar of Vehumet.
 42978 | Elf:2    | Escaped the Abyss
 43496 | Elf:2    | Reached skill level 15 in Fighting
 44326 | Elf:3    | Entered Level 3 of the Elven Halls
 45030 | Elf:3    | Found a runed translucent door.
 45031 | Elf:3    | Found a shimmering altar of Xom.
 45031 | Elf:3    | Noticed dvd2's ghost (adept TrBe)
 45334 | Elf:3    | HP: 2/168 [deep elf sorcerer/bolt of acid (32)]
 45334 | Elf:3    | Splashed by a deep elf sorcerer's acid

Illustrated notes

Levels and vault maps discovered:
D:1:      minmay_arrival_hallway, layout_basic, hangedman_decor_riveting,
          minmay_bisected
D:2:      layout_basic, uniq_sigmund
D:3:      layout_basic
D:4:      layout_basic, yredelemnul_altar_generic, kennysheep_mini
D:5:      layout_basic, corexii_hall_statues_l, uniq_duvessa
D:6:      layout_basic, nicolae_overflow_hidden_temple, uniq_prince_ribbit1,
          uniq_maggie, uniq_eustachio
D:7:      layout_gridville, kennysheep_mini_moat, makhleb_altar_promises_db,
          minmay_temple_entry_fiery, chequers_jeans
D:8:      layout_loops_ring, serial_shops, nicolae_shop_statue_plus,
          nicolae_shop_temple_entry_statues_fountains,
          nicolae_shop_window_shopping, nicolae_shop_statue_plus, shop,
          fountainhead, cheibriados_altar_1
D:9:      layout_basic, orc_0_dummy
D:10:     gammafunk_mikee_crab_dinner, layout_loops_ring,
          grunt_lair_entry_orc_guard_hut
D:11:     layout_grid_maze
D:12:     layout_gridville, serial_shops, shop, nicolae_shop_crystal, shop,
          nicolae_shop_temple_entry_statues_fountains, nicolae_shop_trees,
          uniq_nessos
D:13:     layout_stronghold, serial_shops, nicolae_shop_window_shopping,
          serial_column_ruins, column_ruins_hut, column_ruins_grid_4,
          column_ruins_columns_dead_end, column_ruins_grid_1,
          column_ruins_open_medium, column_ruins_open_small,
          argonaut_gorgonesque
D:14:     layout_long_grid, skrybe_vaults_entry_preservation,
          chequers_serial_rivers_micro_e
D:15:     grunt_enter_depths_snipers, layout_loops_ring,
          ebering_ghost_disaster_area, serial_park_square1
          [serial_park_minivault_5x5_7], eino_small_chamber_without_monster,
          st_stairs_9
Lair:1:   layout_big_grid, chequers_serial_rivers_large_b, grunt_megastairs_3,
          uniq_erica, uniq_joseph, uniq_harold
Lair:2:   layout_loops_ring, spider_nest_entry_a, chequers_serial_rivers_micro_d
Lair:3:   layout_cave_pods, elwin_shoals_entry_rocks,
          cheibrodos_lair_reptile_den, serial_bayou_shore_b
Lair:4:   minmay_lair_oklob_tunnel, layout_regular_city
Lair:5:   layout_loops_ring, slime_dummy, enter_volcano_2,
          minmay_lair_oklob_chamber, uniq_josephine
Lair:6:   evilmike_catoblepas_cave, layout_regular_city, pond, uniq_sonja
Spider:1: layout_spider_delve, uniq_kirke, uniq_donald
Spider:2: layout_chambers, nicolae_spider_webs_and_nodes
Spider:3: layout_spider_delve, nicolae_spider_shape
Spider:4: grunt_spider_rune_circles, nicolae_spider_ant_collections
Orc:1:    layout_caves, portal_ice_cave_entry_imps, basic_altar, uniq_nergalle
Orc:2:    grunt_orc_gardens, layout_caves, grunt_orc_garden, grunt_orc_garden,
          grunt_orc_garden, grunt_orc_garden, serial_shops, shop,
          nicolae_shop_trees, hangedman_minor_magic
Elf:1:    eino_elf_arrival_sip, layout_gridlike, portal_desolation_entry_salt,
          mu_enter_wizlab_7, hangedman_elf_disciples,
          roderic_lattice_octagonal_star
Elf:2:    layout_geoelf_octagon, basic_altar, door_vault
Elf:3:    nooodl_elf_gasket, layout_gridlike, ebering_ghost_xom,
          nicolae_elf_w_pinch, minivault_27
Vaults:1: nicolae_vaults_puzzle_piece, v_misc_15, v_misc_26,
          vaults_mumra_minichess_inversion, vaults_room_grid, v_alt_pattern_6,
          nicolae_vaults_diagonal_hallway_7, vaults_mumra_minichess,
          nicolae_vaults_border_crossing, v_misc_15, ontoclasm_vaults_ligature,
          layout_vaults_omnibox, serial_shops, shop
Vaults:2: nicolae_vaults_network_barrier, nicolae_vaults_alarming,
          v_alt_pattern_1, ontoclasm_vaults_spin, vaults_room_corners,
          vaults_room_grid, v_alt_pattern_5, hangedman_vaults_slice,
          layout_vaults_omnigrid, enter_trove_2
Vaults:3: vaults_room_fours, v_alt_pattern_3, vaults_standard_mumra_lines,
          v_misc_31, nicolae_vaults_sealed_display, vaults_dpeg_hooks,
          vaults_room_fancy_cross, hangedman_vaults_trim,
          minmay_crypt_entry_simple_box, v_alt_pattern_4,
          vaults_room_mumra_shop_pool, v_misc_18, layout_vaults_ring,
          serial_glass
Vaults:4: vaults_room_boxed, v_misc_26, v_pattern_3, v_misc_12,
          dpeg_vaults_monster_row, v_misc_25, vaults_room_semicircle,
          hangedman_vaults_slice, layout_vaults_chaotic_city, uniq_margery,
          uniq_aizul
Vaults:5: serial_shops

Skill      XL: |  1  2  3  4  5  6  7  8  9 10 11 12 13 14 15 16 17 18 19 20 21 |
---------------+----------------------------------------------------------------+-----
Short Blades   | 1 2 3 4 5 6 7 8 9 10 11 12 13 14 | 14.0
Long Blades    | 1 2 3 4 5 6 7 8 9 10 11 12 13 14 | 14.0
Maces & Flails | 1 2 3 4 5 6 7 8 9 10 11 12 13 14 | 14.0
Polearms       | 1 2 3 4 5 6 7 8 9 10 11 12 13 14 | 14.0
Staves         | 1 2 3 4 5 6 7 8 9 10 11 12 13 14 | 14.0
Slings         | 1 2 3 4 5 6 7 8 9 10 11 12 13 14 | 14.0
Bows           | 1 2 3 4 5 6 7 8 9 10 11 12 13 14 | 14.0
Crossbows      | 1 2 3 4 5 6 7 8 9 10 11 12 13 14 | 14.0
Throwing       | 1 2 3 4 5 6 7 8 9 10 11 12 13 14 | 14.0
Dodging        | 3 4 5 6 7 8 9 10 11 12 13 14 | 14.2
Stealth        | 1 2 3 4 5 6 7 8 9 10 11 12 13 14 | 14.0
Shields        | 1 2 3 4 5 6 7 8 9 10 11 12 13 14 | 14.0
Unarmed Combat | 1 2 3 4 5 6 7 8 9 10 11 12 13 14 | 14.0
Spellcasting   | 1 2 3 4 5 6 7 8 9 10 11 12 13 14 | 14.0
Conjurations   | 1 2 3 4 5 6 7 8 9 10 11 12 | 12.0
Hexes          | 1 2 3 4 5 6 7 8 9 10 11 12 | 12.0
Summonings     | 1 2 3 4 5 6 7 8 9 10 11 12 | 12.0
Necromancy     | 1 2 3 4 5 6 7 8 9 10 11 12 | 12.0
Translocations | 1 2 3 4 5 6 7 8 9 10 11 12 | 12.0
Transmutations | 1 2 3 4 5 6 7 8 9 10 11 12 | 12.0
Fire Magic     | 1 2 3 4 5 6 7 8 9 10 11 12 | 12.0
Ice Magic      | 1 2 3 4 5 6 7 8 9 10 11 12 | 12.0
Air Magic      | 1 2 3 4 5 6 7 8 9 10 11 12 | 12.0
Earth Magic    | 1 2 3 4 5 6 7 8 9 10 11 12 | 12.0
Poison Magic   | 1 2 3 4 5 6 7 8 9 10 11 12 | 12.0
Evocations     | 1 2 3 4 5 6 7 8 9 10 11 12 13 14 | 14.0
Invocations    | 5 6 7 8 9 10 11 12 13 14 15 | 15.6
Axes           | 5 6 7 8 9 10 11 12 13 14 | 14.6
Armour         | 5 6 7 8 9 10 11 12 13 14 | 14.6
Fighting       | 7 8 9 10 11 12 13 14 15 | 15.1

Action                   |  1- 3 |  4- 6 |  7- 9 | 10-12 | 13-15 | 16-18 | 19-21 || total
-------------------------+-------+-------+-------+-------+-------+-------+-------++-------
Melee: Hand axe          |    99 |   167 |   262 |       |    70 |  1672 |  1603 ||  3873
       Bite              |    11 |    21 |    63 |   110 |   316 |   386 |   414 ||  1321
       Punch             |       |     5 |       |       |       |       |       ||     5
       Lance             |       |       |   157 |   587 |  1492 |    31 |    48 ||  2315
       Long sword        |       |       |       |       |       |    10 |       ||    10
Throw: Javelin           |       |       |       |       |     2 |     4 |       ||     6
Invok: Depart the Abyss  |     1 |       |       |       |       |     1 |     2 ||     4
       Banish            |       |       |       |     6 |     9 |     9 |       ||    24
       Bend Space        |       |       |       |     1 |       |     1 |     4 ||     6
       Enter the Abyss   |       |       |       |       |       |     1 |     2 ||     3
       Corrupt           |       |       |       |       |       |       |     1 ||     1
  Use: Scroll            |     4 |     6 |    11 |     4 |    20 |     7 |    19 ||    71
       Potion            |     2 |       |     1 |     2 |       |     8 |     5 ||    18
 Stab: Petrified         |       |       |       |       |     3 |     1 |       ||     4
       Petrifying        |       |       |       |       |     1 |       |       ||     1
       Held in net/web   |       |       |       |       |       |     1 |       ||     1
       Distracted        |       |       |       |       |       |       |     1 ||     1
Armor: Leather armour    |     9 |       |       |       |       |       |       ||     9
       Ring mail         |    12 |     8 |       |       |       |       |       ||    20
       Plate armour      |       |   122 |   224 |       |   313 |       |       ||   659
       Gold dragon scale |       |       |    27 |   459 |   422 |  1265 |   606 ||  2779
       Chain mail        |       |       |    19 |       |       |       |       ||    19
Dodge: Dodged            |    48 |    50 |   100 |   158 |   459 |   668 |   518 ||  2001
Block: Buckler           |       |       |    26 |       |       |       |       ||    26
       Kite shield       |       |       |   144 |   321 |    69 |   208 |   985 ||  1727
       Tower shield      |       |       |       |       |  1626 |  2216 |       ||  3842
       Reflection        |       |       |       |       |       |    18 |    76 ||    94

Table legend: (Time is in decaauts)
 A = Elapsed time spent in this place.
 B = Non-inter-level travel time spent in this place.
 C = Inter-level travel time spent in this place.
 D = Time resting spent in this place.
 E = Time spent auto-exploring this place.
 F = Levels seen in this place.
 G = Mean time per level.
                   A        B        C        D        E       F      G
               +--------+--------+--------+--------+--------+-----+--------+
         Total |  44078 |  41240 |   2838 |   9660 |  20258 |  43 | 1025.1 |
       Dungeon |  16219 |  14734 |   1485 |   2227 |   8764 |  15 | 1081.3 |
          Lair |   8611 |   8181 |    430 |   2510 |   3522 |   6 | 1435.2 |
   Spider Nest |   5181 |   4822 |    359 |   1286 |   2012 |   4 | 1295.2 |
  Orcish Mines |   1367 |   1247 |    120 |    230 |    661 |   2 |  683.5 |
   Elven Halls |   4255 |   4139 |    116 |   1289 |   1674 |   3 | 1418.3 |
        Vaults |   6243 |   5917 |    326 |   1171 |   3158 |   5 | 1248.6 |
         Abyss |    623 |    623 |      0 |    395 |     94 |   5 |  124.6 |
      Ice Cave |    409 |    409 |      0 |     30 |    156 |   1 |  409.0 |
       Volcano |    276 |    276 |      0 |     70 |     94 |   1 |  276.0 |
    Desolation |    889 |    889 |      0 |    451 |    121 |   1 |  889.0 |
               +--------+--------+--------+--------+--------+-----+--------+
